AoeStats
← B!G SPARKY

Arena

510873106Analyzed
2v2 RM · 10h ago on Oct 2, 2026· 69m 1s· 4 players
Game mode
Random Map
Map size
Medium (4 player)
Population
200
Speed
Normal
Resources
Standard
Victory
Conquest
Starting age
Dark Age
Ending age
Imperial Age
RankedLock teamsTeams togetherTeam positionsShared explorationLock speedFull tech treeHidden civsTurbo modeCheats
Victory
Defeat
🇹🇷 Bulgarians · Türkiye
1124
+14
🇹🇷 Khmer · Türkiye
1089
+16
🇦🇷 Teutons · Argentina
1079
-15
🇦🇷 Bohemians · Argentina
1077
-15
Limón
7:53 Loom
9:48 Feudal Age
15:05 Castle Age
19:14 Wheelbarrow
26:51 Hand Cart
30:31 Redemption
31:19 Sanctity
45:43 Fletching
45:53 Padded Archer Armor
47:08 Atonement
51:13 Fervor
53:25 Fortified Wall
53:19 Horse Collar
55:05 Forging
54:55 Scale Mail Armor
56:07 Gold Mining
56:05 Double-Bit Axe
60:08 Imperial Age
58:24 Iron Casting
58:04 Chain Mail Armor
58:47 Pikeman
59:27 Squires
59:13 Arson
60:30 Chain Mail Armor
63:00 Blast Furnace
62:30 Plate Mail Armor
63:50 Block Printing
64:01 Illumination
64:25 Heavy Plow
64:39 Bow Saw
66:20 Conscription
66:17 Halberdier
67:57 Plate Mail Armor
Theminer
10:23 Feudal Age
11:26 Loom
14:59 Castle Age
13:02 Double-Bit Axe
15:53 Wheelbarrow
15:06 Horse Collar
19:23 Bow Saw
29:12 Imperial Age
32:00 Chemistry
31:09 Fletching
33:22 Conscription
33:25 Hand Cart
33:27 Fortified Wall
33:49 Block Printing
35:37 Wagenburg Tactics
36:38 Hussite Reforms
36:39 Town Watch
38:29 Block Printing
38:26 Fervor
39:46 Heavy Plow
40:47 Padded Archer Armor
42:29 Redemption
43:27 Illumination
44:00 Theocracy
43:49 Town Patrol
44:43 Theocracy
46:16 Sanctity
45:58 Atonement
45:54 Herbal Medicine
46:55 Ballistics
46:50 Elite Skirmisher
49:48 Bodkin Arrow
50:08 Leather Archer Armor
51:26 Heresy
51:06 Devotion
55:58 Pikeman
56:38 Squires
59:22 Siege Engineers
59:58 Halberdier
B!G SPARKY
10:38 Feudal Age
13:56 Castle Age
13:52 Double-Bit Axe
13:48 Horse Collar
24:40 Bloodlines
24:31 Husbandry
23:52 Light Cavalry
25:28 Scale Barding Armor
25:26 Devotion
25:29 Loom
26:19 Wheelbarrow
25:30 Town Watch
28:38 Hand Cart
29:48 Chain Barding Armor
35:23 Forging
35:13 Scale Mail Armor
40:42 Imperial Age
39:08 Town Patrol
40:13 Bow Saw
40:04 Heavy Plow
39:55 Gold Mining
42:41 Ballistics
43:21 Chemistry
42:33 Masonry
43:32 Hussar
45:37 Conscription
45:55 Crop Rotation
46:08 Gold Shaft Mining
47:18 Double Crossbow
47:42 Padded Archer Armor
49:49 Caravan
51:00 Faith
51:55 Chain Mail Armor
51:16 Capped Ram
51:33 Heavy Scorpion
53:38 Tusk Swords
53:49 Siege Engineers
54:01 Careening
54:19 Siege Ram
58:27 Iron Casting
57:43 Fletching
58:08 Leather Archer Armor
HolyGhost
12:03 Feudal Age
16:04 Castle Age
14:33 Double-Bit Axe
14:32 Horse Collar
25:41 Scale Barding Armor
25:47 Forging
32:15 Chain Barding Armor
32:30 Iron Casting
34:43 Wheelbarrow
33:55 Town Watch
33:55 Loom
37:53 Hand Cart
41:09 Imperial Age
40:21 Bow Saw
40:13 Heavy Plow
41:18 Gold Mining
41:18 Stone Mining
41:40 Stirrups
41:17 Elite Konnik
43:19 Gold Shaft Mining
44:25 Conscription
44:31 Town Patrol
47:34 Caravan
58:20 Chain Barding Armor
58:41 Iron Casting
65:38 Gambesons
65:54 Squires
65:39 Arson
66:06 Bagains
Connection lost

Rejoining the realm…

Still unreachable

The connection could not be restored.

Session expired

The server has moved on; the page needs a fresh start.